 Dungeon Crawl Stone Soup version 0.30-a0-6-g7c9e10e132 (webtiles) character file.

Game seed: 2726629097319250077

29 greasedhog the Sneak (level 3, -2/24 HPs)
             Began as a Gargoyle Delver on Aug 23, 2022.
             Slain by an iguana (5 damage)
             ... on level 5 of the Dungeon.
             The game lasted 00:01:00 (196 turns).

greasedhog the Sneak (Gargoyle Delver)               Turns: 196, Time: 00:01:01

Health: -2/24      AC: 11    Str: 17    XL:     3   Next: 16%
Magic:  3/3        EV:  7    Int: 10    God:
Gold:   14         SH:  0    Dex: 11    Spells: 2/2 levels left

rFire   . . .      SeeInvis .    a - +0 mace
rCold   . . .      Faith    .    (no shield)
rNeg    + . .      Spirit   .    h - +0 chain mail
rPois   ∞          Reflect  .    (no helmet)
rElec   +          Harm     .    (no cloak)
rCorr   .          Rampage  .    (no gloves)
Will    .....                    (no boots)
Stlth   ..........               (no amulet)
HPRegen 0.08/turn                (no ring)
MPRegen 0.08/turn                (no ring)

@: no status effects
A: sickness immunity, AC +3, negative energy resistance 1, electricity
resistance, torment resistance 1, petrification resistance
a: no special abilities


You were on level 5 of the Dungeon.
You visited 1 branch of the dungeon, and saw 1 of its levels.

You collected 14 gold pieces.

Inventory:

Hand Weapons
 a - a +0 mace (weapon)
Armour
 h - a +0 chain mail (worn)
Wands
 g - a wand of digging (3)
Scrolls
 c - a scroll of fog
 d - a scroll of magic mapping
 e - a scroll of fear
Potions
 f - a potion of haste
 i - a potion of heal wounds {unknown}


   Skills:
 * Level 4.0 Fighting
 * Level 2.8 Maces & Flails
 - Level 1.5 Dodging
 - Level 5.4 Stealth


You had 2 spell levels left.
You didn't know any spells.
Your spell library was empty.

Dungeon Overview and Level Annotations

Branches:
Dungeon (5/15)
 Temple: D:4-7

Altars:


Innate Abilities, Weirdness & Mutations

You are immune to sickness and miasma.
Your stone body is resilient. (AC +3)
You are immune to poison.
You resist negative energy. (rN+)
You are resistant to electric shocks. (rElec)
You are resistant to unholy torment.
You are immune to petrification.


Message History

You hit the iguana but do no damage.
The iguana is lightly wounded.
The iguana barely misses you.
You closely miss the iguana.
The iguana is lightly wounded.
The iguana bites you but does no damage.
You barely miss the iguana.
The iguana is lightly wounded.
The iguana bites you.
You closely miss the iguana.
The iguana is lightly wounded.
The iguana barely misses you.
The iguana bites you but does no damage.
You closely miss the iguana.
The iguana is lightly wounded.
The iguana barely misses you.
You hit the iguana but do no damage.
The iguana is lightly wounded.
The iguana closely misses you.
You hit the iguana but do no damage.
The iguana is lightly wounded.
The iguana bites you.
You hit the iguana but do no damage.
The iguana is lightly wounded.
The iguana closely misses you. The iguana bites you.
You barely miss the iguana.
The iguana is lightly wounded.
The iguana bites you.
You barely miss the iguana.
The iguana is lightly wounded.
The iguana bites you.
You hit the iguana but do no damage.
The iguana is lightly wounded.
The iguana bites you.
You hit the iguana.
The iguana is moderately wounded.
The iguana bites you!
* * * LOW HITPOINT WARNING * * *
The iguana bites you.
You die...

##### #...# ... ##...# ..
#....# #.# ####....# . ..
##.......# .!. #.#
#..####.## #.l#..##@##
#.# #....#l.# #.##
#....## #..# #.#...#
##.## #.#.#.# #..#
#.#.#.### ##.# #.#.....#
#.# .#
.######.......#####.#...#
........##...>..........#


You could see an iguana.

Vanquished Creatures
  A hound (D:5)
1 creature vanquished.

Notes
Turn   | Place    | Note
-------+----------+-------------------------------------------
     0 | D:5      | greasedhog the Gargoyle Delver began the quest for the Orb.
     0 | D:5      | Reached XP level 1. HP: 14/14 MP: 1/1
    47 | D:5      | Noticed a hound
    61 | D:5      | Killed a hound
    62 | D:5      | Reached XP level 2. HP: 15/20 MP: 2/2
    62 | D:5      | Reached XP level 3. HP: 18/24 MP: 3/3
   196 | D:5      | Slain by an iguana

Illustrated notes

Levels and vault maps discovered:
D:5:      layout_rooms, mainiacjoe_overflow_boulevard

Skill      XL: |  1 |
---------------+----+-----
Fighting       | 4 |  4.0
Maces & Flails | |  2.8
Dodging        | |  1.5
Stealth        | |  5.4

Action                   || total
-------------------------++-------
Melee: Mace              ||    19
Armor: Chain mail        ||     8
Dodge: Dodged            ||     6

Table legend: (Time is in decaauts)
 A = Elapsed time spent in this place.
 B = Non-inter-level travel time spent in this place.
 C = Inter-level travel time spent in this place.
 D = Time resting spent in this place.
 E = Time spent auto-exploring this place.
 F = Levels seen in this place.
 G = Mean time per level.
                   A        B        C        D        E       F      G
               +--------+--------+--------+--------+--------+-----+--------+
         Total |    200 |    200 |      0 |     75 |      0 |   1 |  200.0 |
       Dungeon |    200 |    200 |      0 |     75 |      0 |   1 |  200.0 |
               +--------+--------+--------+--------+--------+-----+--------+

Top non-repeatable levels by time:
     D:5: 200 daAuts
